 Dungeon Sprint DCSS version 0.27.1-34-g3ba077fa99 (webtiles) character file.

Game seed: 1350881628970987549

433 Karpo the Unseen (level 6, 28/28 HPs)
             Began as a Spriggan Enchanter on Feb 10, 2022.
             Quit the game in the Dungeon (Sprint I: "Red Sonja").
             The game lasted 00:01:56 (214 turns).

Karpo the Unseen (Spriggan Enchanter)                Turns: 214, Time: 00:01:57

Health: 28/28      AC:  2    Str:  4    XL:     6   Next: 67%
Magic:  11/11      EV: 17    Int: 19    God:
Gold:   297        SH:  0    Dex: 15    Spells: 4/10 levels left

rFire    . . .     SeeInvis +   a - +1 dagger
rCold    . . .     Faith    .   (shield restricted)
rNeg     . . .     Spirit   .   b - +0 robe
rPois    .         Reflect  .   (helmet restricted)
rElec    .         Harm     .   (no cloak)
rCorr    .         Rampage  .   (gloves unavailable)
Will     +....     NoTele   +   (boots unavailable)
Stlth    +++++++...             (no amulet)
HPRegen  0.09/turn              (no ring)
MPRegen  0.12/turn              (no ring)

@: very quick
A: very small, no large weapons, unfitting armour, see invisible, speed 3
a: no special abilities


You were in the Dungeon.
You visited 1 branch You collected 297 gold pieces.

Inventory:

Hand Weapons
 a - a +1 dagger (weapon)
Armour
 b - a +0 robe (worn)
Wands
 g - a wand of flame (10)
Scrolls
 h - a scroll of blinking
Potions
 c - a potion of curing
 d - a potion of heal wounds
 e - a potion of haste
 f - 2 potions of magic
 i - a potion of brilliance {unknown}


   Skills:
 - Level 1.1 Short Blades
 - Level 2.6 Dodging
 + Level 20.2 Stealth
 - Level 2.6 Spellcasting
 - Level 3.6 Hexes


You had 4 spell levels left.
You knew the following spells:

 Your Spells              Type           Power      Damage    Failure   Level
a - Corona                Hex            17%        N/A       3%          1
b - Ensorcelled Hibernat  Hex/Ice        18%        N/A       12%         2
c - Confusing Touch       Hex            16%        N/A       11%         3

Your spell library contained the following spells:

 Spells                   Type           Power      Damage    Failure   Level
 Tukima's Dance           Hex            16%        N/A       11%         3
 Dazzling Flash           Conj/Hex       18%        N/A       22%         3


Dungeon Overview and Level Annotations

Branches:
Dungeon (1/1)

Altars:
Cheibriados
Dithmenos
Elyvilon
Fedhas
Gozag
Hepliaklqana
Kikubaaqudgha
Okawaru
Qazlal
Ru
Sif Muna
Trog
Uskayaw
Vehumet
Wu Jian
Yredelemnul
Zin
The Shining One

Shops:
D :


Innate Abilities, Weirdness & Mutations

You are very small and have problems with some larger weapons.
You are too small for most types of armour.
You have supernaturally acute eyesight. (SInv)
You cover ground extremely quickly. (Speed+++)


Message History

You now have 162 gold pieces (gained 27).
You open the door.
Found a ring mail and a plate armour.
Found a shimmering blue altar of Sif Muna.
A jelly comes into view.
Found an ornate altar of the Wu Jian Council.
There is an open door here.
Found a radiant altar of Vehumet.
You see here a +0 ring mail.
You see here a +0 plate armour.
There is an ornate altar of the Wu Jian Council here.
The helpless jelly fails to defend itself.
You spit the jelly like a pig!!!!
You kill the jelly!
Your Stealth skill increases to level 18!
You have reached level 6!
Your experience leads to an increase in your attributes!
Increase (S)trength, (I)ntelligence, or (D)exterity?
You feel clever.
You open the door.
Found 108 gold pieces.
Found 27 gold pieces.
There is an open door here.
You now have 189 gold pieces (gained 27).
You now have 216 gold pieces (gained 27).
You now have 243 gold pieces (gained 27).
You now have 270 gold pieces (gained 27).
You now have 297 gold pieces (gained 27).
There is an open door here.
You open the door.
A yak comes into view.
Found Rihat's Book Emporium.
Found eight altars.
Found seven altars.
There is an open door here.
The helpless yak fails to defend itself.
You spit the yak like a pig!!!
You kill the yak!
Your Stealth skill gained 2 levels and is now at level 20!
There is a radiant altar of Vehumet here.
Are you sure you want to abandon this character and quit the game? (Confirm with "yes".)

################
#<.#..'..#.)'..#
#..').#.)'..#..+
#..#####'#####'#
#..# #..#...#[#
#..#__####..##[#
#..#_____##'#_.+
#⌠⌠#_.∩...'..._#
####_..__##@.#+#
#____ ##+# ####


There were no monsters in sight!

Vanquished Creatures
  Sigmund (D)
  A yak (D)
  An ogre (D)
  A jelly (D)
  Ijyb (D)
5 creatures vanquished.

Notes
Turn   | Place    | Note
-------+----------+-------------------------------------------
     0 | D        | Karpo the Spriggan Enchanter began the quest for the Orb.
     0 | D        | Reached XP level 1. HP: 9/9 MP: 5/5
     1 | D        | Noticed Ijyb
    11 | D        | Killed Ijyb
    12 | D        | Reached skill level 10 in Stealth
    12 | D        | Reached XP level 2. HP: 10/13 MP: 6/6
    40 | D        | Learned a level 2 spell: Ensorcelled Hibernation
   159 | D        | Noticed an ogre
   161 | D        | Killed an ogre
   162 | D        | Reached skill level 14 in Stealth
   162 | D        | Reached XP level 3. HP: 16/16 MP: 8/8
   162 | D        | Reached XP level 4. HP: 21/21 MP: 9/9
   166 | D        | Learned a level 3 spell: Confusing Touch
   174 | D        | Noticed Sigmund
   177 | D        | Killed Sigmund
   178 | D        | Reached skill level 17 in Stealth
   178 | D        | Reached XP level 5. HP: 24/24 MP: 10/10
   190 | D        | Found a shimmering blue altar of Sif Muna.
   191 | D        | Found an ornate altar of the Wu Jian Council.
   192 | D        | Found a radiant altar of Vehumet.
   197 | D        | Reached skill level 18 in Stealth
   197 | D        | Reached XP level 6. HP: 28/28 MP: 11/11
   210 | D        | Found Rihat's Book Emporium.
   210 | D        | Found an ancient bone altar of Kikubaaqudgha.
   210 | D        | Found a hazy altar of Hepliaklqana.
   210 | D        | Found a hide-covered altar of Uskayaw.
   210 | D        | Found a basalt altar of Yredelemnul.
   210 | D        | Found an opulent altar of Gozag.
   210 | D        | Found a snail-covered altar of Cheibriados.
   210 | D        | Found a sacrificial altar of Ru.
   210 | D        | Found a shadowy altar of Dithmenos.
   210 | D        | Noticed a yak
   211 | D        | Found a stormy altar of Qazlal.
   211 | D        | Found a blossoming altar of Fedhas.
   211 | D        | Found a bloodstained altar of Trog.
   211 | D        | Found an iron altar of Okawaru.
   211 | D        | Found a glowing golden altar of the Shining One.
   211 | D        | Found a glowing silver altar of Zin.
   211 | D        | Found a white marble altar of Elyvilon.
   212 | D        | Killed a yak
   213 | D        | Reached skill level 20 in Stealth
   214 | D        | Quit the game

Illustrated notes

Levels and vault maps discovered:
D:        dungeon_sprint_1 [red_sonja_temple_1, red_sonja_temple_small_1]

Skill      XL: |  1  2  3  4  5  6 |
---------------+-------------------+-----
Stealth        | 10 14 17 18 20 | 20.2
Short Blades   | |  1.1
Dodging        | |  2.6
Spellcasting   | |  2.6
Hexes          | |  3.6

Action                   |  1- 3 |  4- 6 || total
-------------------------+-------+-------++-------
Melee: Dagger            |     7 |     3 ||    10
  Use: Potion            |     1 |       ||     1
 Stab: Sleeping          |     1 |     3 ||     4
